 Dungeon Crawl Stone Soup version 0.21.0-24-g2553a3340b (webtiles) character file.

207 Krosko the Cudgeler (level 5, -1/53 HPs)
             Began as a Troll Berserker on Jan 22, 2018.
             Was a Believer of Trog.
             Slain by a gnoll (8 damage)
             ... on level 3 of the Dungeon.
             The game lasted 00:05:22 (1985 turns).

Krosko the Cudgeler (Troll Berserker)               Turns: 1985, Time: 00:05:22

Health: -1/53      AC:  5    Str: 26    XL:     5   Next: 54%
Magic:  4/4        EV: 10    Int:  3    God:    Trog [**....]
Gold:   121        SH:  0    Dex:  9    Spells: 4/4 levels left

rFire    . . .     SeeInvis .   a - +0 mace
rCold    . . .     Gourm    +   (no shield)
rNeg     . . .     Faith    .   b - +0 animal skin
rPois    .         Spirit   .   (helmet restricted)
rElec    .         Reflect  .   (no cloak)
rCorr    .         Harm     .   (gloves unavailable)
MR       .....                  (boots unavailable)
Stlth    +.........             (no amulet)
HPRegen  0.57/turn              (no ring)
MPRegen  0.09/turn              (no ring)

@: lethally poisoned (-1 -> -1)
A: large, unfitting armour, claws 3, fast metabolism 3, gourmand, regeneration
1, shaggy fur 1, tough skin 2
a: Berserk, Trog's Hand, Burn Spellbooks, Renounce Religion


You were on level 3 of the Dungeon.
You worshipped Trog.
Trog was pleased with you.
You were very full.

You visited 1 branch of the dungeon, and saw 3 of its levels.

You collected 121 gold pieces.

Inventory:

Hand Weapons
 a - a +0 mace (weapon)
Armour
 b - a +0 animal skin (worn)
Jewellery
 r - an uncursed ring of resist corrosion {unknown}
Scrolls
 d - a scroll of immolation {unknown}
 e - a scroll of teleportation {unknown}
 g - a scroll of enchant weapon {unknown}
 h - a scroll of enchant armour {unknown}
 i - 3 scrolls of remove curse {unknown}
 l - 2 scrolls of fog {unknown}
 n - a scroll of identify {unknown}
Potions
 f - a potion of mutation {unknown}
 j - a potion of flight {unknown}
 m - a potion of berserk rage {unknown}
 o - a potion of heal wounds {unknown}
 p - 2 potions of curing {unknown}
 s - a potion of brilliance {unknown}
 t - a potion of lignification {unknown}
Books
 q - a book of Callings

   Spells                             Type                      Level
   a - Summon Small Mammal            Summoning                    1
   b - Call Imp                       Summoning                    2
   c - Call Canine Familiar           Summoning                    3
   d - Summon Guardian Golem          Hexes/Summoning              3
   e - Summon Lightning Spire         Summoning/Air                4
   f - Summon Ice Beast               Ice/Summoning                4
   Trog disapproves of the use of such an item.
Comestibles
 c - 6 rations
 k - 2 chunks of flesh


   Skills:
 + Level 3.6 Fighting
 + Level 4.5 Maces & Flails
 - Level 2.9 Dodging


You had 4 spell levels left.
You didn't know any spells.

Dungeon Overview and Level Annotations

Branches:
Dungeon (3/15)

Altars:


Innate Abilities, Weirdness & Mutations

You are too large for most types of armour.
You have claws for hands.
Your metabolism is lightning-fast.
You like to eat raw meat.
Your natural rate of healing is unusually fast.
You are covered in fur. (AC +1)
You have very tough skin. (AC +2)


Message History

The gnoll hits you but does no damage.
You struggle against the net.
You feel sick. The gnoll hits you but does no damage.
You shred the net and break free! The gnoll closely misses you.
You hit the gnoll but do no damage.
You feel sick. The gnoll hits you.
* * * LOW HITPOINT WARNING * * *
You hit the gnoll.
The gnoll is heavily wounded.
You feel sick. The gnoll hits you.
* * * LOW HITPOINT WARNING * * *
You barely miss the gnoll.
The gnoll is heavily wounded.
The gnoll hits you.
* * * LOW HITPOINT WARNING * * *
You hit the gnoll.
The gnoll is severely wounded.
You feel sick. The gnoll hits you.
* * * LOW HITPOINT WARNING * * *
The gnoll hits you!
You die...

.. ... ##.#### .... ... ..#
....##### ###.# #.#
....)...# ... #.##
........# ###.#.### #...
........#######...#...#
#.##
........(.g@)...#####.###.#
.........######...#.......#
.........# ###.#.#######
.........# #...# .........#
##### ........## #########


You could see a gnoll.

Vanquished Creatures
  A scorpion (D:2)
  Robin (D:2)
  2 gnolls (D:3)
  3 adders
  2 oozes
  4 worms
  5 dart slugs
  3 leopard geckos
  An orc (D:3)
  4 giant cockroaches
  16 goblins
  6 hobgoblins
  4 jackals (D:1)
  A quokka (D:3)
  4 bats
  2 frilled lizards (D:2)
  5 kobolds
  6 rats
70 creatures vanquished.

Notes
Turn   | Place    | Note
-------+----------+-------------------------------------------
     0 | D:1      | Krosko the Troll Berserker began the quest for the Orb.
     0 | D:1      | Reached XP level 1. HP: 22/22 MP: 0/0
   220 | D:1      | Reached XP level 2. HP: 29/29 MP: 1/1
   283 | D:1      | Reached skill level 3 in Maces & Flails
   775 | D:2      | Reached XP level 3. HP: 16/36 MP: 2/2
  1193 | D:2      | Reached ** piety under Trog
  1316 | D:2      | Noticed a scorpion
  1325 | D:2      | Killed a scorpion
  1325 | D:2      | Reached skill level 4 in Maces & Flails
  1325 | D:2      | Reached XP level 4. HP: 33/45 MP: 3/3
  1344 | D:2      | Noticed Robin
  1410 | D:2      | Killed Robin
  1701 | D:3      | Reached XP level 5. HP: 49/53 MP: 4/4
  1985 | D:3      | Slain by a gnoll

Skill      XL: |  1  2  3 |
---------------+----------+-----
Maces & Flails | 3 4 |  4.5
Fighting       | 3 |  3.6
Dodging        | |  2.9

Action                   |  1- 3 |  4- 6 || total
-------------------------+-------+-------++-------
Melee: Mace              |   104 |   136 ||   240
Invok: Berserk           |     1 |     2 ||     3
       Trog's Hand       |       |     4 ||     4
  Eat: Chunk             |    19 |     8 ||    27
Armor: Animal skin       |    48 |    48 ||    96
Dodge: Dodged            |    75 |   110 ||   185
